[Event "14th Chennai GM Open 2023"]
[Site "Chennai"]
[Date "2023.12.31"]
[Round "1.1"]
[White "Ritesh Maddukuri"]
[Black "Aronyak Ghosh"]
[Result "0-1"]
[ECO "D00"]
[WhiteElo "1504"]
[BlackElo "2545"]
[Annotator "TA"]
[PlyCount "62"]
[EventDate "2023.12.31"]
[EventType "swiss"]
[EventCountry "IND"]
[SourceTitle "playchess.com"]
[Source "ChessBase"]
[SourceQuality "1"]
[TimeControl "5400+30"]

1. d4 Nf6 2. Nc3 d5 3. Bf4 Bf5 4. e3 e6 5. f3 Be7 6. g4 {[%emt 0:02:50] D00: 1 d4 d5: Unusual lines.} Bg6 7. h4 {[%emt 0:00:37] h5 is the strong threat.} h5 8. g5 {[%emt 0:00:10] The position is equal.} Nfd7 9. Nh3 {[%emt 0:04:55] [#]} c5 $146 ({Predecessor:} 9... a6 10. Bg3 c5 11. Nf4 Nf8 12. Nce2 Nc6 13. c3 Qb6 14. Nxg6 Nxg6 15. Qb3 Qxb3 16. axb3 cxd4 17. exd4 {0-1 Maldonado Mena,G (2139)-Gomez Pastrana,J (1935) ESP-ch U18 Salobrena 2023 (6)}) 10. Nb5 {[%emt 0:03:06] [#]} (10. Bd3 $1 $11 {remains equal.}) 10... O-O $1 $17 11. Bc7 ({Better is} 11. Nc7 $15 e5 12. Nxa8 cxd4 13. exd4 exf4 14. Nxf4) 11... Qc8 12. Nf4 {[%emt 0:00:28] [#]} a6 $1 13. Nxg6 (13. Bxb8 $142 Qxb8 14. Nc3) 13... fxg6 $19 14. Bxb8 Qxb8 (14... Rxb8 15. Nc3 $17) 15. Nc3 Qg3+ 16. Kd2 cxd4 ({Stronger than} 16... Qxf3 17. Qxf3 Rxf3 18. Bh3 $11) (16... Rxf3 $2 {too greedy.} 17. Rh3 Qf2+ 18. Qe2 $19) 17. exd4 Rxf3 {[%emt 0:00:10] ...Qf4+ would be deadly.} ({And not} 17... Qxf3 18. Qxf3 Rxf3 19. Bh3 $11) 18. Qe1 (18. Be2 $142 Qf4+ 19. Ke1 Qg3+ 20. Kd2 Qf4+ 21. Ke1) 18... Qf4+ 19. Kd1 Qxd4+ 20. Kc1 Nc5 {[%emt 0:00:35] Threatens to win with ...Re3.} 21. Qd2 Qe5 22. Bg2 Re3 {[%emt 0:00:12] Strongly threatening ...d4.} 23. Rd1 Rf8 24. a3 Rf4 25. Bxd5 Rxh4 26. Bg2 Bxg5 {[%emt 0:00:13] ( -> ...Rxc3)} 27. Kb1 Rg3 28. Qf2 Rxc3 29. bxc3 Na4 {[%emt 0:00:04] Black mates.} 30. Rd3 Qb5+ 31. Ka2 Qb2# {[%emt 0:00:02] White did not feel at home in the position after the opening. An entertaining game by Aronyak Ghosh.   Weighted Error Value: White=0.90/Black=0.07 (flawless)} 0-1

[Event "14th Chennai GM Open 2023"]
[Site "Chennai"]
[Date "2023.12.31"]
[Round "1.2"]
[White "Srihari L R"]
[Black "Shashveen A K"]
[Result "1-0"]
[ECO "D45"]
[WhiteElo "2467"]
[BlackElo "1500"]
[Annotator "TA"]
[PlyCount "119"]
[EventDate "2023.12.31"]
[EventType "swiss"]
[EventCountry "IND"]
[SourceTitle "playchess.com"]
[Source "ChessBase"]
[SourceQuality "1"]
[TimeControl "5400+30"]

1. Nf3 d5 2. c4 e6 3. e3 Nf6 4. Nc3 c6 5. b3 Bd6 6. Bb2 Qe7 7. Qc2 O-O 8. d4 Nbd7 9. Be2 {[%emt 0:00:53] D45: Semi-Slav: 5 e3.} e5 10. dxe5 Nxe5 11. cxd5 {[%emt 0:01:52] White has an edge.} Nxd5 12. Nxd5 cxd5 13. O-O Nxf3+ 14. Bxf3 Be6 15. Rfd1 Rfd8 16. g3 (16. Bxd5 $2 {is the wrong capture.} Bxd5 17. Rxd5 Bxh2+ 18. Kxh2 Qh4+ 19. Kg1 Rxd5 $19) 16... Rac8 {[%emt 0:09:00] [#]} 17. Qd3 $146 (17. Qe2 {simplifies} Bc5 18. Rac1 b6 19. Rd3) ({Predecessor:} 17. Qe2 Bb8 18. Rd2 Rd7 19. Rad1 Rcd8 20. Bg4 f5 21. Bf3 Qf7 22. Bh5 Qe7 23. Rd3 {1-0 Overeem,M (2261)-Braggaar,L (1992) Groningen Harmonie op-C 2007 (3)}) 17... Ba3 18. Qd4 {[%emt 0:01:45][%csl Gb2][%cal Rd4g7] [#]} Bxb2 19. Qxb2 h6 20. Rd2 Qb4 21. Rad1 Rd7 22. Rd4 Qc5 23. Qd2 g6 24. Bxd5 Bxd5 25. Rxd5 Rxd5 26. Qxd5 Qxd5 27. Rxd5 $16 {[%emt 0:00:08][%mdl 4096] Endgame KR-KR} Rc2 28. a4 Rb2 29. Rb5 b6 30. g4 Kf8 31. h4 Ke7 32. Kg2 f6 33. h5 g5 34. a5 (34. Kg3 $18) 34... bxa5 35. Rxa5 Rxb3 36. Rxa7+ Kf8 37. Rh7 Rb2 38. Kg3 Rb3 39. Kf3 {[%emt 0:01:15][%cal Of3e4] aiming for Ke4! White is more active.} Rb4 40. Rd7 Kg8 41. Rd4 Rb2 42. Kg3 Rb3 43. Re4 Kf7 44. f4 f5 $2 {[%emt 0:03:08][%mdl 8192] Loses the game.} 45. gxf5 $18 Kf6 46. Kg4 gxf4 47. Re6+ {[%emt 0:00:09][%mdl 64] [#] Zwischenzug} Kg7 48. Kxf4 Rb1 49. e4 Rh1 50. Rg6+ Kh7 51. Ra6 Rxh5 52. Ra7+ Kg8 53. f6 Rb5 54. e5 h5 55. e6 Rb4+ 56. Kg5 Rg4+ 57. Kh6 Kh8 58. Rh7+ Kg8 59. e7 Re4 60. f7# {[%emt 0:00:07] Weighted Error Value: White=0.04 (flawless) /Black=0.20 (precise)} 1-0

[Event "14th Chennai GM Open 2023"]
[Site "Chennai"]
[Date "2023.12.31"]
[Round "1.3"]
[White "Ratnapriya K"]
[Black "Fedorov, Alexei"]
[Result "0-1"]
[ECO "B43"]
[WhiteElo "1491"]
[BlackElo "2454"]
[Annotator "RC"]
[PlyCount "92"]
[EventDate "2023.12.31"]
[EventType "swiss"]
[EventCountry "IND"]
[SourceTitle "playchess.com"]
[Source "ChessBase"]
[SourceQuality "1"]
[TimeControl "5400+30"]

1. e4 c5 2. Nf3 e6 3. d4 cxd4 4. Nxd4 a6 5. Nc3 b5 6. Bd3 Qb6 7. Nb3 Qc7 8. Be3 Nf6 9. a4 b4 10. Nb1 Bb7 11. N1d2 d5 12. Qf3 Nbd7 13. Bd4 Bd6 14. a5 O-O 15. h3 Be5 16. Qe3 dxe4 17. Nxe4 Nd5 18. Bxe5 Qxe5 19. Qd4 Qxd4 20. Nxd4 Nf4 21. Rg1 Ne5 22. Kd2 Rfd8 23. Nc5 Rxd4 24. Nxb7 Nexd3 25. cxd3 Rxd3+ 26. Ke1 Rc8 27. g3 Ng6 28. Ke2 Rd7 29. Rac1 Rxc1 30. Rxc1 Rxb7 31. Rc8+ Nf8 32. Ra8 Rc7 33. Rxa6 Rc2+ 34. Kd3 Rxb2 35. Kc4 Rxf2 36. Kxb4 f5 37. Ra8 e5 38. Re8 f4 39. g4 Rb2+ 40. Kc4 f3 41. Rxe5 f2 42. Rf5 g6 43. Rf3 Nd7 44. Rf4 Ne5+ 45. Kc3 Ra2 46. a6 Nf3 0-1

[Event "14th Chennai GM Open 2023"]
[Site "Chennai"]
[Date "2023.12.31"]
[Round "1.4"]
[White "Glek, Igor"]
[Black "Pournami S"]
[Result "1-0"]
[ECO "B40"]
[WhiteElo "2429"]
[BlackElo "1489"]
[Annotator "RC"]
[PlyCount "49"]
[EventDate "2023.12.31"]
[EventType "swiss"]
[EventCountry "IND"]
[SourceTitle "playchess.com"]
[Source "ChessBase"]
[SourceQuality "1"]
[TimeControl "5400+30"]

1. e4 c5 2. Nf3 d6 3. c3 Nf6 4. Bd3 e6 5. Bc2 Be7 6. O-O Nc6 7. Re1 O-O 8. d4 b5 9. dxc5 dxc5 10. Qe2 Qb6 11. e5 Nd5 12. Qe4 g6 13. Bg5 Bxg5 14. Nxg5 Kg7 15. Nd2 Bb7 16. Ndf3 Nce7 17. Qg4 h6 18. Ne4 Nf5 19. h4 h5 20. Qg5 Rac8 21. Nf6 Nxf6 22. exf6+ Kh7 23. Ne5 Rcd8 24. Bxf5 exf5 25. Nxg6 1-0

[Event "14th Chennai GM Open 2023"]
[Site "Chennai"]
[Date "2023.12.31"]
[Round "1.5"]
[White "Sanchith Sundararam K"]
[Black "Ajay Karthikeyan"]
[Result "0-1"]
[ECO "B01"]
[WhiteElo "1485"]
[BlackElo "2423"]
[Annotator "RC"]
[PlyCount "88"]
[EventDate "2023.12.31"]
[EventType "swiss"]
[EventCountry "IND"]
[SourceTitle "playchess.com"]
[Source "ChessBase"]
[SourceQuality "1"]
[TimeControl "5400+30"]

1. e4 d5 2. exd5 Nf6 3. d4 Qxd5 4. Nc3 Qa5 5. Nf3 Bf5 6. Bd3 Bxd3 7. Qxd3 e6 8. Bd2 Bb4 9. Qb5+ c6 10. Qxb7 O-O 11. Ne5 Na6 12. Nc4 Qd8 13. Qxa6 Qxd4 14. Ne3 Rab8 15. Qd3 Qh4 16. O-O Rfd8 17. Qe2 Bd6 18. g3 Qh3 19. Rfd1 Bc5 20. Qf1 Qh5 21. Qe2 Qh3 22. Be1 Bd4 23. Qf1 Qh6 24. Qe2 Qg6 25. Rd3 c5 26. Rad1 e5 27. R3d2 h5 28. Ng2 Rxb2 29. Nb5 Rb8 30. Nxd4 exd4 31. Nf4 Qf5 32. Qd3 Qg4 33. c3 dxc3 34. Qxc3 Rxd2 35. Rxd2 Re8 36. Rb2 Qd1 37. Ng2 h4 38. Ne3 Qf3 39. Ng2 Qe4 40. gxh4 c4 41. Qg3 Kh7 42. Ne3 Re6 43. Qh3 Nd5 44. Kf1 Qh1+ 0-1

[Event "14th Chennai GM Open 2023"]
[Site "Chennai"]
[Date "2023.12.31"]
[Round "1.6"]
[White "Viani Antonio Dcunha"]
[Black "Rachishnu Datta"]
[Result "1-0"]
[ECO "D31"]
[WhiteElo "2407"]
[BlackElo "1485"]
[Annotator "RC"]
[PlyCount "77"]
[EventDate "2023.12.31"]
[EventType "swiss"]
[EventCountry "IND"]
[SourceTitle "playchess.com"]
[Source "ChessBase"]
[SourceQuality "1"]
[TimeControl "5400+30"]

1. d4 d5 2. c4 e6 3. Nf3 c6 4. Nc3 Bd6 5. e4 dxe4 6. Nxe4 Bb4+ 7. Bd2 Bxd2+ 8. Qxd2 Nf6 9. Bd3 Nxe4 10. Bxe4 Nd7 11. O-O O-O 12. Rad1 a5 13. Rfe1 Nf6 14. Bc2 b5 15. c5 Qd5 16. Bb3 Qd8 17. Ne5 Bb7 18. Re3 Nd7 19. Qe2 Nxe5 20. dxe5 Qe7 21. Rd6 Rfd8 22. Bc2 Qg5 23. h4 Qe7 24. Qh5 g6 25. Qh6 Rxd6 26. cxd6 Qf8 27. Qg5 Qd8 28. Qf4 c5 29. h5 Bd5 30. Rh3 Qf8 31. Qh4 Qg7 32. f4 Ra7 33. hxg6 fxg6 34. Bxg6 hxg6 35. Qd8+ Kf7 36. d7 Ra8 37. Qxa8 Bxa8 38. d8=Q Bd5 39. Rh8 1-0

[Event "14th Chennai GM Open 2023"]
[Site "Chennai"]
[Date "2023.12.31"]
[Round "1.7"]
[White "Tanish Ragavan S"]
[Black "Nitin, S.."]
[Result "0-1"]
[ECO "B08"]
[WhiteElo "1484"]
[BlackElo "2385"]
[Annotator "RC"]
[PlyCount "76"]
[EventDate "2023.12.31"]
[EventType "swiss"]
[EventCountry "IND"]
[SourceTitle "playchess.com"]
[Source "ChessBase"]
[SourceQuality "1"]
[TimeControl "5400+30"]

1. e4 g6 2. d4 Bg7 3. Nf3 d6 4. Bc4 c6 5. Nc3 Nf6 6. O-O b5 7. Bd3 O-O 8. h3 Qc7 9. Bf4 Nh5 10. Bh2 e5 11. d5 b4 12. Ne2 cxd5 13. exd5 Bb7 14. c4 Nd7 15. a3 a5 16. Nd2 f5 17. f3 Rae8 18. axb4 axb4 19. Kh1 Nhf6 20. Nb3 Ra8 21. Rc1 Nc5 22. Nxc5 dxc5 23. d6 Qxd6 24. Bxf5 Qc6 25. Bd3 e4 26. fxe4 Nxe4 27. Qe1 Bxb2 28. Nf4 Bxc1 29. Nd5 Rxf1+ 30. Qxf1 Bg5 31. Bxe4 Qe6 32. Bf3 Rf8 33. Qa1 Rxf3 34. gxf3 Bxd5 35. cxd5 Qxd5 36. Kg2 Qd2+ 37. Kg3 Bf4+ 38. Kh4 Qd8+ 0-1

[Event "14th Chennai GM Open 2023"]
[Site "Chennai"]
[Date "2023.12.31"]
[Round "1.8"]
[White "Tologon tegin, Semetei"]
[Black "Shyam Ganesh R"]
[Result "1-0"]
[ECO "D05"]
[WhiteElo "2384"]
[BlackElo "1480"]
[Annotator "RC"]
[PlyCount "53"]
[EventDate "2023.12.31"]
[EventType "swiss"]
[EventCountry "IND"]
[SourceTitle "playchess.com"]
[Source "ChessBase"]
[SourceQuality "1"]
[TimeControl "5400+30"]

1. Nf3 Nf6 2. e3 b6 3. d4 Bb7 4. Bd3 e6 5. O-O d5 6. b3 Bd6 7. Bb2 O-O 8. Nbd2 Nbd7 9. Ne5 h6 10. f4 c5 11. Qe2 Ne4 12. Nxe4 dxe4 13. Bc4 cxd4 14. Nxd7 Qxd7 15. Bxd4 f5 16. Rad1 Qe7 17. g4 Kh7 18. Kh1 fxg4 19. Qxg4 e5 20. Bb2 Rad8 21. Rg1 Qf6 22. Rxd6 Rxd6 23. Bxe5 Bc8 24. Qxg7+ Qxg7 25. Rxg7+ Kh8 26. Rf7+ Kg8 27. Rd7+ 1-0

[Event "14th Chennai GM Open 2023"]
[Site "Chennai"]
[Date "2023.12.31"]
[Round "1.9"]
[White "Chinnam Vyshnavi"]
[Black "Podolchenko, Evgeniy"]
[Result "0-1"]
[ECO "C11"]
[WhiteElo "1478"]
[BlackElo "2376"]
[Annotator "RC"]
[PlyCount "60"]
[EventDate "2023.12.31"]
[EventType "swiss"]
[EventCountry "IND"]
[SourceTitle "playchess.com"]
[Source "ChessBase"]
[SourceQuality "1"]
[TimeControl "5400+30"]

1. e4 e6 2. d4 d5 3. Nc3 Nf6 4. e5 Nfd7 5. f4 c5 6. Nf3 Nc6 7. Be3 Qb6 8. Na4 Qa5+ 9. Nc3 Rb8 10. Qd2 b5 11. dxc5 Bxc5 12. Bxc5 Nxc5 13. Bd3 b4 14. Ne2 Qb6 15. Nc1 O-O 16. Qf2 f6 17. Qh4 Nxd3+ 18. Nxd3 fxe5 19. fxe5 Ba6 20. O-O-O b3 21. axb3 Bxd3 22. Rxd3 Nb4 23. Rd4 Nxc2 24. Kxc2 Qxb3+ 25. Kd2 Qxb2+ 26. Ke3 Qxg2 27. Ng5 Rb3+ 28. Rd3 d4+ 29. Kxd4 Qd5+ 30. Ke3 Qxd3# 0-1

[Event "14th Chennai GM Open 2023"]
[Site "Chennai"]
[Date "2023.12.31"]
[Round "1.10"]
[White "Shahil Dey"]
[Black "Nijesh R"]
[Result "1-0"]
[ECO "A01"]
[WhiteElo "2368"]
[BlackElo "1476"]
[Annotator "RC"]
[PlyCount "99"]
[EventDate "2023.12.31"]
[EventType "swiss"]
[EventCountry "IND"]
[SourceTitle "playchess.com"]
[Source "ChessBase"]
[SourceQuality "1"]
[TimeControl "5400+30"]

1. b3 e5 2. Bb2 Nc6 3. e3 d5 4. Bb5 Bd6 5. Nf3 Qe7 6. d4 e4 7. Ne5 Bxe5 8. dxe5 Be6 9. Nd2 Nh6 10. c4 O-O 11. cxd5 Bxd5 12. Bxc6 Bxc6 13. Qc2 Qh4 14. O-O Rad8 15. Rad1 Bb5 16. Nxe4 Bxf1 17. Rxf1 Rfe8 18. h3 Re6 19. Qxc7 Rc6 20. Qa5 Ra6 21. Qb4 Rb6 22. Qa4 Nf5 23. Qxa7 Rc6 24. Qa5 Ra6 25. Qb4 Rxa2 26. Bc3 b5 27. Kh2 Rc2 28. Ba1 Ra2 29. Kg1 Rda8 30. Bc3 Rc2 31. g3 Qxh3 32. Ng5 Qh5 33. Qe4 Raa2 34. Qxf5 Rxc3 35. e6 fxe6 36. Qxe6+ Kf8 37. Qd6+ Ke8 38. Qe5+ Kd7 39. Qxg7+ Ke8 40. Qe5+ Kd7 41. Qxc3 Qxg5 42. Rd1+ Ke8 43. Qc8+ Kf7 44. Rd7+ Kg6 45. Qc6+ Qf6 46. Rd6 Qxd6 47. Qxd6+ Kh5 48. Kg2 h6 49. Qf6 Kg4 50. Qg6# 1-0

[Event "14th Chennai GM Open 2023"]
[Site "Chennai"]
[Date "2023.12.31"]
[Round "1.11"]
[White "Chukka Vineel Radha Karthik"]
[Black "Khusenkhojaev, Muhammad"]
[Result "0-1"]
[ECO "D00"]
[WhiteElo "1475"]
[BlackElo "2366"]
[Annotator "RC"]
[PlyCount "60"]
[EventDate "2023.12.31"]
[EventType "swiss"]
[EventCountry "IND"]
[SourceTitle "playchess.com"]
[Source "ChessBase"]
[SourceQuality "1"]
[TimeControl "5400+30"]

1. d4 Nf6 2. Nf3 g6 3. Nc3 d5 4. Bf4 Bg7 5. Nb5 Na6 6. h3 c6 7. Nc3 O-O 8. e3 Qa5 9. Bd3 c5 10. a3 c4 11. Be2 Ne4 12. g4 b6 13. Nd2 Nxc3 14. bxc3 Qxc3 15. Bf3 Bb7 16. O-O Rac8 17. h4 e5 18. dxe5 Bxe5 19. Bxe5 Qxe5 20. Bg2 Qe6 21. Re1 Nc5 22. Bh3 Rcd8 23. Nf3 Qe7 24. h5 Ne6 25. Nd4 Qf6 26. f4 Nxd4 27. Qxd4 Qh4 28. Kg2 Rde8 29. h6 Qxh6 30. Kg3 Re4 0-1

[Event "14th Chennai GM Open 2023"]
[Site "Chennai"]
[Date "2023.12.31"]
[Round "1.12"]
[White "Buscara, Sevan"]
[Black "Vivaan Sardana"]
[Result "1/2-1/2"]
[ECO "C54"]
[WhiteElo "2362"]
[BlackElo "1471"]
[Annotator "RC"]
[PlyCount "114"]
[EventDate "2023.12.31"]
[EventType "swiss"]
[EventCountry "IND"]
[SourceTitle "playchess.com"]
[Source "ChessBase"]
[SourceQuality "1"]
[TimeControl "5400+30"]

1. e4 e5 2. Nf3 Nc6 3. Bc4 Bc5 4. c3 Nf6 5. d3 d6 6. O-O a6 7. a4 h6 8. a5 O-O 9. Nbd2 Ba7 10. Bb3 Nh5 11. Nc4 Qf6 12. Nfxe5 Nxe5 13. Nxe5 Qxe5 14. d4 Qxe4 15. Qxh5 Qg4 16. Qxg4 Bxg4 17. Re1 Rfe8 18. Bf4 Rad8 19. Ba4 Rxe1+ 20. Rxe1 Kf8 21. b4 c6 22. d5 g5 23. Be3 Bxe3 24. Rxe3 cxd5 25. Bb3 Be6 26. Rd3 Rc8 27. f4 Ke7 28. fxg5 hxg5 29. Bxd5 Bxd5 30. Rxd5 f6 31. Rd3 Rc4 32. Re3+ Kf7 33. Kf2 d5 34. Rh3 d4 35. cxd4 Rxb4 36. Rh7+ Ke6 37. g3 Kf5 38. Ke3 Rb3+ 39. Kd2 Rb5 40. Kd3 Rxa5 41. Rxb7 Ra3+ 42. Kc4 Ra4+ 43. Kc5 Ra5+ 44. Kc4 Ra4+ 45. Rb4 Rxb4+ 46. Kxb4 Ke4 47. Kc5 a5 48. d5 a4 49. d6 a3 50. d7 a2 51. d8=Q a1=Q 52. Qd5+ Ke3 53. Kd6 Kf2 54. Ke6 Kg1 55. h4 gxh4 56. Qc5+ Kh1 57. gxh4 Qe1+ 1/2-1/2

[Event "14th Chennai GM Open 2023"]
[Site "Chennai"]
[Date "2023.12.31"]
[Round "1.13"]
[White "Saniya Rafique Tadavi"]
[Black "Manish Anto Cristiano F"]
[Result "0-1"]
[ECO "C07"]
[WhiteElo "1470"]
[BlackElo "2349"]
[Annotator "RC"]
[PlyCount "148"]
[EventDate "2023.12.31"]
[EventType "swiss"]
[EventCountry "IND"]
[SourceTitle "playchess.com"]
[Source "ChessBase"]
[SourceQuality "1"]
[TimeControl "5400+30"]

1. e4 e6 2. d4 d5 3. Nd2 c5 4. exd5 Qxd5 5. Ngf3 cxd4 6. Bc4 Qd6 7. O-O Nf6 8. Nb3 Nc6 9. Nbxd4 Nxd4 10. Nxd4 Be7 11. Be3 O-O 12. Qe2 a6 13. Rad1 Qc7 14. h3 Bd7 15. Rfe1 Kh8 16. Bb3 Rac8 17. c3 Rcd8 18. Bg5 h6 19. Bh4 Bc8 20. Nf5 Rxd1 21. Bxd1 Bd8 22. Bg3 Qc6 23. Nd4 Qb6 24. Nf3 Bc7 25. Be5 Bxe5 26. Nxe5 Nd7 27. Nc4 Qc7 28. Bc2 b5 29. Qd3 f5 30. Nd6 Nf6 31. Nxc8 Qxc8 32. Qd6 Re8 33. f3 Kg8 34. Bb3 Kf7 35. Re5 Re7 36. Rxf5 Qd7 37. Qxd7 Rxd7 38. Rc5 Rd2 39. Rc6 Nd5 40. Rxa6 Rxb2 41. c4 bxc4 42. Bxc4 Nf4 43. g3 Nxh3+ 44. Kf1 Ng5 45. f4 Ne4 46. Bxe6+ Ke7 47. Bb3 Nxg3+ 48. Ke1 h5 49. Ra7+ Kf6 50. Rf7+ Kg6 51. Rf8 h4 52. Rh8 Nf5 53. Be6 Nh6 54. a4 Rb4 55. f5+ Nxf5 56. Bd7 Rd4 57. Bc6 Rd3 58. a5 Ra3 59. Ra8 h3 60. a6 Kg5 61. Kf2 Ra2+ 62. Ke1 h2 63. a7 Nh4 64. Bd5 Rg2 65. Bxg2 Nxg2+ 66. Kf2 h1=Q 67. Rb8 Qe1+ 68. Kxg2 Qe2+ 69. Kh1 Qf1+ 70. Kh2 Qf2+ 71. Kh1 Qxa7 72. Rh8 Kg4 73. Rh2 Qa1+ 74. Kg2 g5 0-1

[Event "14th Chennai GM Open 2023"]
[Site "Chennai"]
[Date "2023.12.31"]
[Round "1.14"]
[White "Ravichandran, Siddharth"]
[Black "Surada Yashaswi Satya Gangadha"]
[Result "1-0"]
[ECO "C49"]
[WhiteElo "2348"]
[BlackElo "1464"]
[Annotator "RC"]
[PlyCount "79"]
[EventDate "2023.12.31"]
[EventType "swiss"]
[EventCountry "IND"]
[SourceTitle "playchess.com"]
[Source "ChessBase"]
[SourceQuality "1"]
[TimeControl "5400+30"]

1. e4 e5 2. Nf3 Nc6 3. Nc3 Nf6 4. Bb5 Bb4 5. O-O O-O 6. Bxc6 dxc6 7. d3 Re8 8. Ne2 Bf8 9. h3 c5 10. b3 c6 11. Be3 Qd6 12. Nd2 Qc7 13. f4 exf4 14. Bxf4 Bd6 15. Bxd6 Qxd6 16. Qe1 Nh5 17. g4 Qg6 18. Qh4 Nf6 19. Nf4 Qh6 20. Qxh6 gxh6 21. Rf2 Re7 22. Raf1 Bd7 23. Nc4 Rd8 24. Ne2 Ne8 25. Ng3 b5 26. Ne3 a5 27. Kh2 Bc8 28. Nh5 Bd7 29. Rf3 a4 30. Rg1 Re6 31. Nf4 Rf6 32. e5 Rg6 33. Nxg6 hxg6 34. bxa4 Ra8 35. axb5 cxb5 36. Ra1 b4 37. Nc4 Be6 38. a4 bxa3 39. Rxa3 Rb8 40. Ra5 1-0

[Event "14th Chennai GM Open 2023"]
[Site "Chennai"]
[Date "2024.01.01"]
[Round "2.1"]
[White "Aronyak Ghosh"]
[Black "Yash Abhijit Patil"]
[Result "1-0"]
[ECO "E62"]
[WhiteElo "2545"]
[BlackElo "1689"]
[Annotator "TA"]
[PlyCount "97"]
[EventDate "2023.12.31"]
[EventType "swiss"]
[EventCountry "IND"]
[SourceTitle "playchess.com"]
[Source "ChessBase"]
[SourceQuality "1"]
[TimeControl "5400+30"]

1. Nf3 Nf6 2. c4 g6 3. g3 Bg7 4. Bg2 O-O 5. Nc3 d6 6. d4 c6 7. O-O Qc7 {[%emt 0:00:00] Recently 7...Bf5 got a lot of attention.} 8. Bf4 {[%emt 0:10:31] E62: King's Indian: Fianchetto: 6...c6 and Panno Variation (6...Nc6) without ...a6.} Bf5 {[%emt 0:00:00] [#]} 9. c5 $146 (9. Re1 $14) ({Predecessor:} 9. Qd2 Re8 10. Nh4 Bg4 11. Rad1 Na6 12. h3 Be6 13. b3 Rad8 14. e4 Qa5 15. Be3 Bc8 {1-0 Lagergren,H (2012)-Mataix Arbona,C (1901) W-ch WS/H/466 email 2014}) 9... Nh5 $11 10. cxd6 {[%emt 0:01:16] The position is equal.} exd6 11. Bg5 h6 12. Bd2 (12. e4 Bxe4 13. Nxe4 hxg5 $11) 12... Nf6 13. Nh4 Be6 14. Qc1 Kh7 15. e4 Na6 16. h3 Qd7 17. g4 d5 18. e5 Ne4 19. f4 {[%emt 0:01:05] Threatens to win with f5.} f5 20. exf6 $1 Bxf6 21. Nf3 (21. Nxg6 {feels hotter.} Kxg6 22. Nxe4 dxe4 23. f5+) 21... c5 {[%emt 0:00:00] [#]} (21... h5 $11) 22. Ne5 $1 $16 Bxe5 23. dxe5 h5 (23... Nxd2 $16 {might work better.} 24. Qxd2 Rad8) 24. Nxe4 $18 dxe4 25. Qe1 hxg4 26. hxg4 (26. Bxe4 gxh3 27. Qh4+ Kg8 28. Bxg6 Bf5) 26... Bxg4 27. Bxe4 Bf5 {[%emt 0:00:00] aiming for ...Qd4+.} 28. Bf3 $2 {[%emt 0:02:24] This pair of bishops is nice.} (28. e6 $18 Qd4+ 29. Rf2 Qxe4 30. Rh2+ Kg7 31. Bc3+ Rf6 32. Qf2 Bxe6 33. Re1) 28... Nc7 $1 $14 29. Be3 (29. Bxb7 $16 {Qh4+ is the strong threat.} Rab8 30. Bf3 (30. Qh4+ $2 Kg8 $19)) 29... Ne6 30. Rf2 Kg7 31. Rd1 (31. Rd2 $5 Qe7 32. Rad1 $14) 31... Qe7 32. Rd6 Rad8 33. Rfd2 b6 34. Bg2 (34. Bc6 $5 Rxd6 35. exd6 $14 (35. Rxd6 Rd8 $11)) 34... Rxd6 (34... Rh8 {keeps more tension.} 35. Qg3 Rh4 36. Qf3 Rhh8) 35. exd6 Qf6 36. Rd5 $36 {[%emt 0:00:17][%mdl 2048] White has good play.} Rd8 ({Don't play} 36... Qxb2 37. d7 $16) 37. b4 Nd4 {[%emt 0:00:23] [#]} (37... cxb4 $11 38. Qxb4 Qa1+ 39. Kf2 Qxa2+ 40. Rd2 Qa1) 38. bxc5 (38. Bf2 $1 $16 Bg4 39. Qe7+ (39. bxc5 Ne2+ $11) 39... Qxe7 40. dxe7) 38... bxc5 (38... Nc2 $5 39. Qf2 Nxe3 40. Qxe3 bxc5 $16) 39. Bxd4 (39. Bf2 $5 Bg4 40. Bxd4 (40. Rxc5 Ne2+ 41. Kf1 Rxd6 $17) 40... cxd4 41. Qe5 $14) 39... cxd4 40. Qe5 Qxe5 $2 (40... Be6 $11 {and Black has nothing to worry.} 41. Rxd4 Bxa2) 41. fxe5 $11 {[%emt 0:00:05][%mdl 4096] Endgame KRB-KRB} Be6 $2 (41... Kf7 42. Rxd4 Ke6) 42. Rxd4 $18 {[%emt 0:00:14] White is clearly winning.} Bxa2 (42... g5 $142 43. Kf2 Kf8) 43. Bh3 {[%emt 0:01:22] Ra4 would be deadly.} Kf7 44. Rf4+ Kg7 45. d7 g5 46. Rf2 Bd5 47. e6 Bxe6 48. Bxe6 Kg6 49. Rf7 {[%emt 0:00:26] Weighted Error Value: White=0.18 (very precise) /Black=0.39} 1-0

[Event "14th Chennai GM Open 2023"]
[Site "Chennai"]
[Date "2024.01.01"]
[Round "2.2"]
[White "Mrityunjay Kumar"]
[Black "Srihari L R"]
[Result "0-1"]
[ECO "B40"]
[WhiteElo "1696"]
[BlackElo "2467"]
[Annotator "TA"]
[PlyCount "76"]
[EventDate "2023.12.31"]
[EventType "swiss"]
[EventCountry "IND"]
[SourceTitle "playchess.com"]
[Source "ChessBase"]
[SourceQuality "1"]
[TimeControl "5400+30"]

1. e4 c5 2. Nf3 e6 3. g3 Nc6 4. Bg2 Nf6 5. Nc3 d5 6. exd5 exd5 7. d4 {[%emt 0:00:24] The main line 7.d4 scores better than 7.0-0. B40: Sicilian: 2...e6, Unusual lines.} Bg4 8. h3 cxd4 {[%emt 0:05:14] [#] Strongly threatening ...Bxf3.} 9. hxg4 {[%emt 0:06:56] The position is equal.} dxc3 10. O-O Bc5 (10... Nxg4 11. bxc3 Be7 12. Rb1 $11) 11. bxc3 O-O {[%emt 0:02:03] [#] Active counter play!} 12. Bg5 $146 (12. Nd2 $5 ) ({Predecessor:} 12. Nd4 Ne4 13. Nf5 Re8 14. Bxe4 dxe4 15. Be3 Bxe3 16. Nxe3 h6 17. Rb1 b6 18. Rb5 {0-1 Lu,S (2597)-Wang,H (2722) Shaoxing Hua Yi Rapid Cup 2nd 2023 (4.1)}) 12... h6 13. Bxf6 Qxf6 14. Qxd5 Qxc3 15. g5 Rad8 (15... Qxc2 16. gxh6 gxh6 17. Qh5 $14) (15... hxg5 $5 16. Qf5 Nd4 17. Nxd4 Bxd4 $15) 16. Qe4 {[%emt 0:00:36] White is weak on the dark squares} (16. Qb3 $11 {and White is okay.} Qxb3 17. axb3) 16... Rfe8 17. Qg4 {[%emt 0:03:23] [#]} Bxf2+ $1 {[%emt 0:03:15][%mdl 576] Deflection} 18. Kh2 (18. Kh1 Re6) 18... Be3 (18... Qxc2 19. gxh6 g6 20. Rac1 Qxa2 21. Ng5) (18... Re6 $19 {has better winning chances. aiming for ...hxg5.} 19. Rad1 Rxd1 20. Rxd1 Qxc2) 19. Rab1 $2 (19. g6 $17) 19... b6 $2 (19... Qxc2 $2 20. gxh6 Bxh6 21. Rxb7 $19) (19... hxg5 $19 {is more deadly.} 20. Kh1 Qxc2) 20. gxh6 (20. g6 $17 f6 21. Rbd1) 20... Bxh6 $19 21. Rf2 (21. Qh5 $142) 21... Re6 22. Rb3 $2 (22. Bh3 {was worth a try.}) 22... Qc5 23. Rf1 Qxc2 24. Qh5 Rf6 (24... Qxa2 $2 {too greedy.} 25. Rc3 Bd2 26. Rf2 $19 (26. Nxd2 $2 Rh6 $19)) (24... Bf4 $142 {...Rh6 would be deadly.} 25. gxf4 Rh6 26. Qxh6 gxh6) 25. Ne1 Qg6 ({Avoid the trap} 25... Qd2 $2 26. Rxf6 gxf6 27. Nf3) 26. Qxg6 Rxg6 27. Rc3 (27. Rd3 $142) 27... Ne5 {[%emt 0:02:19] Hoping for ...Bd2.} 28. Nf3 Ng4+ 29. Kh3 Ne3 30. Rf2 (30. Ne5 {was called for.}) 30... Nd1 31. Rfc2 Nxc3 32. Rxc3 Rgd6 33. Ne5 Re8 {[%emt 0:00:16] Black is clearly winning.} 34. Nc6 a5 35. Rb3 Be3 36. Rb5 Rh6+ 37. Kg4 Rg6+ 38. Kf3 Rxc6 {[%emt 0:00:04] Weighted Error Value: White=0.79/Black=0.49} 0-1